 Dungeon Crawl Stone Soup version 0.29-a0-857-g9b1aa3ac5b (webtiles) character file.

Game seed: 9795852217164385206

5358 xian the Skirmisher (level 10, -6/53 HPs)
             Began as a Spriggan Hunter on July 16, 2022.
             Was an Initiate of Gozag.
             Mangled by a manticore (19 damage)
             ... on level 8 of the Dungeon.
             The game lasted 00:22:43 (7251 turns).

xian the Skirmisher (Spriggan Hunter)               Turns: 7251, Time: 00:22:44

Health: -6/53      AC:  5    Str:  7    XL:     10   Next: 39%
Magic:  11/11      EV: 18    Int: 12    God:    Gozag
Gold:   1470       SH:  0    Dex: 22    Spells: 9/9 levels left

rFire   . . .      SeeInvis +   t - +2 dagger (venom)
rCold   . . .      Faith    .   (no shield)
rNeg    . . .      Spirit   .   p - +1 troll leather armour {Pargi}
rPois   .          Reflect  .   (helmet restricted)
rElec   .          Harm     .   (no cloak)
rCorr   .          Rampage  .   (gloves unavailable)
Will    +....                   (boots unavailable)
Stlth   +++.......              v - amulet of the acrobat
HPRegen 0.97/turn               g - +4 ring of slaying
MPRegen 0.12/turn               j - ring of flight

@: flying, very quick
A: very small, no large weapons, unfitting armour, see invisible, speed 3
a: Renounce Religion, Potion Petition, Call Merchant, Bribe Branch


You were on level 8 of the Dungeon.
You worshipped Gozag.
Gozag was most pleased with you.
You visited 2 branches of the dungeon, and saw 9 of its levels.
You also visited: Sewer.

You collected 1771 gold pieces.
You spent 231 gold pieces at shops.
You paid 70 gold pieces to Gozag.

Inventory:

Hand Weapons
 a - a +0 vorpal shortbow
 t - a +2 dagger of venom (weapon)
Armour
 p - a +1 troll leather armour (worn) {Pargi}
Jewellery
 g - a +4 ring of slaying (left hand)
 j - a ring of flight (right hand)
 v - an amulet of the acrobat (around neck)
Wands
 x - a wand of flame (48)
 B - a wand of mindburst (8)
Scrolls
 b - a scroll of immolation
 i - a scroll of enchant armour
 l - 4 scrolls of teleportation
 n - 6 scrolls of blinking
 o - a scroll of vulnerability
 u - a scroll of summoning
 y - a scroll of brand weapon
 z - 3 scrolls of fog
 A - a scroll of silence
Potions
 c - a potion of berserk rage {unknown}
 d - 2 potions of cancellation {unknown}
 e - 2 potions of heal wounds
 f - 3 potions of mutation
 h - 3 potions of brilliance
 k - 9 potions of curing
 m - 3 potions of might
 q - a potion of resistance {unknown}
 r - 3 potions of haste {unknown}
 s - 3 potions of lignification
 w - 2 potions of attraction {unknown}
 C - a potion of magic {unknown}


   Skills:
 + Level 6.0 Fighting
 + Level 1.3 Short Blades
 + Level 13.5 Ranged Weapons
 + Level 2.4 Armour
 + Level 3.8 Dodging
 + Level 3.3 Stealth


You had 9 spell levels left.
You didn't know any spells.
Your spell library contained the following spells:

 Spells                   Type           Power      Damage    Failure   Level
 Magic Dart               Conj           0%         1d3       43%         1
 Call Imp                 Summ           0%         N/A       58%         2
 Static Discharge         Conj/Air       0%         3-3/arc   58%         2
 Mephitic Cloud           Conj/Pois/Air  0%         N/A       82%         3
 Lightning Bolt           Conj/Air       0%         1d11      100%        5
 Haunt                    Necr/Summ      0%         N/A       100%        7
 Infestation              Necr           0%         N/A       100%        8
 Maxwell's Capacitive Co  Air            0%         ∞         100%        8
 Animate Dead             Necr           Unusable   N/A       N/A         4

Dungeon Overview and Level Annotations

Branches:
Dungeon (8/15)             Temple (1/1) D:4           Sewer (visited)
   Lair: D:8-11

Altars:
Ashenzari
Cheibriados
Dithmenos
Gozag
Hepliaklqana
Makhleb
Nemelex Xobeh
Okawaru
Qazlal
Trog
Uskayaw
Vehumet
Wu Jian
Yredelemnul
Zin
The Shining One

Shops:
D:3 !


Innate Abilities, Weirdness & Mutations

You are very small and have problems with some larger weapons.
You are too small for most types of armour.
You have supernaturally acute eyesight. (SInv)
You cover ground extremely quickly. (Speed+++)


Message History

Unknown command.
Fire: a) +0 shortbow (vorpal)
Press: ? - help, Q - select action, (/) - cycle Shift-Dir - straight line, f/p - manticore
Aim: a manticore (almost dead, 81% to hit)
You shoot an arrow. The arrow closely misses the manticore.
You hear an angry hiss.
The manticore closely misses you.
The manticore claws you but does no damage.
The manticore closely misses you.
Fire: a) +0 shortbow (vorpal)
Press: ? - help, Q - select action, (/) - cycle Shift-Dir - straight line, f/p - manticore
Aim: a manticore (almost dead, 81% to hit)
You shoot an arrow. The arrow barely misses the manticore.
You hear an angry hiss.
The manticore barely misses you. The manticore closely misses you.
The manticore claws you!
* * * LOW HITPOINT WARNING * * *
You feel much better.
A water moccasin comes into view.
The manticore closely misses you. The manticore claws you.
The manticore barely misses you.
Your +2 dagger of venom begins to drip with poison!
t - a +2 dagger of venom (weapon)
The water moccasin hisses angrily.
The manticore bites you!!
* * * LOW HITPOINT WARNING * * *
The manticore claws you but does no damage. x2
You feel better. The manticore misses you. The manticore barely misses you.
The manticore claws you.
* * * LOW HITPOINT WARNING * * *
You hit the manticore.
The manticore is almost dead.
The manticore completely misses you. The manticore claws you.
* * * LOW HITPOINT WARNING * * *
The manticore barely misses you.
You hit the manticore.
The manticore is poisoned.
The manticore is almost dead.
The manticore bites you!!
You die...
Your body crumbles into a pile of gold.

##. ... #.....# '..(###'###
.####.##..# #..#.....# 8
#..#.##..# ##.##...##
.#.##.#.....# . #..?..# #.8
##.#..##.# #. ##...##...
#....(##.#
#.##..)..#.##8.#.....##.#
#.'.....H.$...#.....##.#
###....@# #........# ##...##
$#.....#### ##.## #.........
#.# #......... ###
####.#############.###.
##.######.#..#.............#
#.
#.......#......#############
#> #.#####.######## #. #.#
#.# ###.


You could see a manticore (very poisoned).

Vanquished Creatures
  The ghost of kevlar127 the Grappler, a novice TrBe of Trog (D:6)
  An unseen horror (D:8)
  A troll (D:8)
  A hornet (D:7)
  A wyvern (D:8)
  4 yaks (D:6)
  2 steam dragons
  2 water moccasins
  Pargi (Sewer)
  4 black bears
  2 sky beasts (D:7)
  2 ogres
  3 ice beasts
  A centaur (D:6)
  A phantom (D:6)
  5 bullfrogs
  A scorpion (D:5)
  10 wights
  5 killer bees (D:7)
  2 howler monkeys (D:8)
  2 hounds (D:5)
  3 orc priests
  4 iguanas
  A mummy (D:6)
  8 adders
  3 shadow imps (D:6)
  A white imp (D:7)
  2 ufetubi
  A worm (D:3)
  4 dart slugs
  20 orcs
  8 endoplasms
  4 giant cockroaches
  6 goblins
  3 hobgoblins
  3 jackals (D:4)
  8 kobolds
  2 quokkas
  16 ball pythons
  3 bats
  9 frilled lizards
  2 goblin skeletons (D:6)
  A hobgoblin zombie (D:6)
  2 kobold skeletons (D:6)
  A kobold zombie (D:6)
  2 orc skeletons (D:6)
  2 orc zombies (D:6)
  7 rats
178 creatures vanquished.

Notes
Turn   | Place    | Note
-------+----------+-------------------------------------------
     0 | D:1      | xian the Spriggan Hunter began the quest for the Orb.
     0 | D:1      | Reached XP level 1. HP: 10/10 MP: 2/2
   284 | D:1      | Reached XP level 2. HP: 9/15 MP: 3/3
  1162 | D:2      | Reached XP level 3. HP: 14/18 MP: 4/4
  1177 | D:2      | Reached skill level 5 in Ranged Weapons
  1419 | D:2      | Found a burning altar of Makhleb.
  1462 | D:2      | Found a faded altar of an unknown god.
  1878 | D:3      | Found a basalt altar of Yredelemnul.
  1883 | D:3      | Reached XP level 4. HP: 23/23 MP: 5/5
  2154 | D:3      | Found Loulaherr's Distillery.
  2169 | D:3      | Found a glowing drain.
  2182 | Sewer    | Entered a sewer
  2222 | Sewer    | Noticed Pargi
  2242 | Sewer    | Killed Pargi
  2243 | Sewer    | Reached skill level 6 in Ranged Weapons
  2243 | Sewer    | Reached XP level 5. HP: 27/27 MP: 6/6
  2389 | Sewer    | Identified a scroll of acquirement
  2389 | Sewer    | Acquired 711 gold pieces
  2463 | D:3      | Bought 2 potions of might for 88 gold pieces
  2463 | D:3      | Bought a potion of brilliance for 44 gold pieces
  2463 | D:3      | Bought a potion of heal wounds for 55 gold pieces
  2463 | D:3      | Bought a potion of degeneration for 11 gold pieces
  2463 | D:3      | Bought a potion of lignification for 33 gold pieces
  2833 | D:3      | Found a burning altar of Makhleb.
  2951 | D:4      | Noticed a water moccasin
  3056 | D:3      | Killed a water moccasin
  3057 | D:3      | Reached XP level 6. HP: 32/32 MP: 7/7
  3099 | D:4      | Found a staircase to the Ecumenical Temple.
  3106 | D:4      | Reached skill level 7 in Ranged Weapons
  3113 | Temple   | Entered the Ecumenical Temple
  3412 | D:4      | Found a radiant altar of Vehumet.
  3476 | D:4      | You are sucked into a shaft and drop 1 floor!
  3476 | D:5      | Entered Level 5 of the Dungeon
  3533 | D:5      | Reached XP level 7. HP: 36/36 MP: 8/8
  3588 | D:5      | Reached skill level 8 in Ranged Weapons
  3715 | D:5      | Found a shadowy altar of Dithmenos.
  3838 | D:5      | Found an opulent altar of Gozag.
  3843 | D:5      | Became a worshipper of Gozag Ym Sagoz the Greedy
  4231 | D:6      | Noticed a yak
  4233 | D:6      | Noticed a yak
  4235 | D:6      | Noticed a yak
  4237 | D:6      | Noticed a yak
  4252 | D:6      | Killed a yak
  4253 | D:6      | Reached skill level 1 in Armour
  4253 | D:6      | Reached XP level 8. HP: 36/42 MP: 9/9
  4267 | D:6      | Reached skill level 9 in Ranged Weapons
  4332 | D:6      | Reached skill level 1 in Short Blades
  4392 | D:6      | Found a broken altar of Ashenzari.
  4446 | D:6      | Found a glowing golden altar of the Shining One.
  4822 | D:6      | Reached skill level 10 in Ranged Weapons
  4861 | D:6      | Found a runed translucent door.
  4868 | D:6      | Noticed kevlar127's ghost (novice TrBe)
  4940 | D:6      | Found a snail-covered altar of Cheibriados.
  5407 | D:6      | Killed kevlar127's ghost
  5408 | D:6      | Reached skill level 11 in Ranged Weapons
  5408 | D:6      | Reached XP level 9. HP: 46/46 MP: 10/10
  5680 | D:8      | Found a stormy altar of Qazlal.
  5681 | D:8      | Found an iron altar of Okawaru.
  5924 | D:8      | Reached skill level 12 in Ranged Weapons
  5928 | D:8      | Reached skill level 5 in Fighting
  6001 | D:8      | Noticed a troll
  6008 | D:8      | Killed a troll
  6201 | D:8      | Noticed an unseen horror
  6221 | D:8      | Killed an unseen horror
  6222 | D:8      | Reached XP level 10. HP: 15/51 MP: 11/11
  6352 | D:8      | Reached skill level 13 in Ranged Weapons
  7234 | D:8      | Noticed a manticore
  7251 | D:8      | Mangled by a manticore

Illustrated notes

Levels and vault maps discovered:
D:1:      minmay_arrival_four_circles, layout_basic, minivault_11,
          chequers_serial_rivers_large_a, hangedman_decor_growths
D:2:      layout_basic, hellmonk_ecumenical_altar_leap_of_faith, basic_altar
D:3:      layout_basic, mainiacjoe_overflow_catch_the_wave, serial_shops, shop,
          portal_sewer_entry_b, minivault_26, st_stairs_3, minivault_4,
          hex_medium, hangedman_glass_teeth
D:4:      layout_gridville, lemuel_tele_altar, minmay_temple_entry_hall,
          st_stairs_11
D:5:      layout_loops_ring, overflow_temple_1_default,
          overflow_temple_1_default
D:6:      wander_river, layout_basic, nicolae_tso_besieged_by_evil,
          evilmike_ruin_ashenzari, slow_altar_1, ebering_ghost_sewer_d
D:7:      layout_loops_cross, grunt_ministairs_8
D:8:      wad_arrow_thing, layout_loops_ring, nicolae_overflow_hidden_temple
Temple:   nicolae_temple_ecumenical_triangle

Skill      XL: |  1  2  3  4  5  6  7  8  9 10 |
---------------+-------------------------------+-----
Ranged Weapons | 5 6 7 8 11 12 13 | 13.5
Fighting       | 2 3 4 5 6 |  6.0
Stealth        | 2 3 |  3.3
Dodging        | 3 |  3.8
Armour         | 1 2 |  2.4
Short Blades   | 1 |  1.3

Action                   |  1- 3 |  4- 6 |  7- 9 | 10-12 || total
-------------------------+-------+-------+-------+-------++-------
Melee: Dagger            |       |       |     6 |     2 ||     8
 Fire: Shortbow          |    76 |   114 |   237 |   108 ||   535
  Use: Scroll            |     6 |     5 |     5 |     1 ||    17
       Potion            |       |       |       |     2 ||     2
Armor: Robe              |     2 |     1 |       |       ||     3
       Troll leather arm |       |     4 |     8 |     5 ||    17
Dodge: Dodged            |    14 |    22 |    30 |    23 ||    89

Table legend: (Time is in decaauts)
 A = Elapsed time spent in this place.
 B = Non-inter-level travel time spent in this place.
 C = Inter-level travel time spent in this place.
 D = Time resting spent in this place.
 E = Time spent auto-exploring this place.
 F = Levels seen in this place.
 G = Mean time per level.
                   A        B        C        D        E       F      G
               +--------+--------+--------+--------+--------+-----+--------+
         Total |   4992 |   4886 |    106 |     74 |   3439 |  10 |  499.2 |
       Dungeon |   4795 |   4689 |    106 |     74 |   3335 |   8 |  599.4 |
        Temple |     28 |     28 |      0 |      0 |     13 |   1 |   28.0 |
         Sewer |    168 |    168 |      0 |      0 |     90 |   1 |  168.0 |
               +--------+--------+--------+--------+--------+-----+--------+

Top non-repeatable levels by time:
     D:6: 838 daAuts
     D:1: 817 daAuts
     D:3: 740 daAuts
     D:8: 618 daAuts
     D:7: 594 daAuts
     D:2: 483 daAuts
     D:5: 460 daAuts
     D:4: 241 daAuts
   Sewer: 168 daAuts
  Temple: 28 daAuts
